 Dungeon Crawl Stone Soup version bcrawl-1.20.1-3-gdcb1fc31ed (webtiles) character file.

Game seed: 10765187864555536957

10 Freyura the Sneak (level 2, 0/26 HPs)
             Began as a Naga Sloth Apostle on Jan 28, 2020.
             Was an Initiate of Cheibriados.
             Slain by a frilled lizard (1 damage)
             ... on level 1 of the Dungeon.
             The game lasted 00:01:45 (260 turns).

Freyura the Sneak (Naga Sloth Apostle)               Turns: 260, Time: 00:01:46

Health: 0/26       AC:  1    Str: 15    XL:     2   Next: 20%
Magic:  3/3        EV:  6    Int: 13    God:    Cheibriados [......]
Gold:   59         SH:  7    Dex: 11    Spells: 2/3 levels left

rFire    . . .     SeeInvis +   a - +0 mace
rCold    . . .     Gourm    .   c - +0 shield
rNeg     . . .     Faith    .   i - +0 leather armour
rPois    +         Spirit   .   h - -2 helmet (curse)
rElec    .         Reflect  .   (no cloak)
rCorr    .         Harm     .   (no gloves)
MR       .....                  (no barding)
Stlth    ++........             (no amulet)
HPRegen  0.08/turn              (no ring)
MPRegen  0.08/turn              (no ring)

@: very slow
A: large, see invisible, deformed body, poison resistance, slowness 2, slow
metabolism 1, spit poison 1, AC +0
a: Spit Poison, Bend Time, Renounce Religion


You were on level 1 of the Dungeon.
You worshipped Cheibriados.
Cheibriados was noncommittal.
You were not hungry.

You visited 1 branch of the dungeon, and saw 1 of its levels.

You collected 59 gold pieces.

Inventory:

Hand Weapons
 a - a +0 mace (weapon)
Armour
 b - a +0 robe
 c - a +0 shield (worn)
 h - a cursed -2 helmet (worn)
 i - a +0 leather armour (worn)
Wands
 d - a wand of paralysis (10)
Potions
 f - a potion of brilliance
Comestibles
 e - 2 rations {!d}


   Skills:
 + Level 2.1 Fighting
 * Level 2.3 Maces & Flails
 - Level 4.8 Stealth
 + Level 1.7 Shields
 - Level 1.0 Spellcasting
 - Level 1.0 Hexes
 + Level 0.6 Invocations
 - Level 1.0 Evocations


You had 2 spell levels left.
You knew the following spells:

 Your Spells              Type           Power        Failure   Level  Hunger
a - Slow                  Hex            #.......     73%         1    ##.....
Your spell library was empty.

Dungeon Overview and Level Annotations

Branches:
Dungeon (1/12)

Altars:


Innate Abilities, Weirdness & Mutations

You cannot wear boots.
Your serpentine skin is tough. (AC +0)
You have supernaturally acute eyesight. (SInv)
Armour fits poorly on your strangely shaped body.
Your system is resistant to poisons. (rPois)
You cover ground very slowly.
You have a slow metabolism.
You can spit poison.


Message History

* * * LOW HITPOINT WARNING * * *
You completely miss the dart slug. You block the frilled lizard's attack.
The dart slug bites you.
* * * LOW HITPOINT WARNING * * *
You hit the dart slug.
The dart slug is heavily wounded.
The frilled lizard bites you but does no damage.
You block the dart slug's attack.
The frilled lizard bites you but does no damage.
The frilled lizard hisses angrily.
You hit the dart slug.
The dart slug is severely wounded.
The frilled lizard bites you.
* * * LOW HITPOINT WARNING * * *
You block the dart slug's attack.
You barely miss the frilled lizard. You block the frilled lizard's attack.
The dart slug bites you.
* * * LOW HITPOINT WARNING * * *
The frilled lizard bites you.
You die...

#.♣..P..(PP♣.# #
#.♣..PP...P♣.##.###
##.♣PP..P...♣.##....
#..♣PP..PP..♣....###
#..♣♣♣♣♣♣♣♣♣.....#..
######..................#
##..!...#...........##.#..
........#....###.##.##....
#...lw@l.## #.#...#.###
#.#..#)..# #.......#
.....##.## ###...###
##.##.##.# #...# #. ......
#...##### # ..##..#
#........
l.l##..######...#####
#.....^..............
.#......(....>.....


You could see a dart slug and 2 frilled lizards.

Vanquished Creatures
  A dart slug (D:1)
  A giant cockroach (D:1)
  A hobgoblin (D:1)
  A kobold (D:1)
  A bat (D:1)
  2 frilled lizards (D:1)
  2 rats (D:1)
9 creatures vanquished.

Notes
Turn   | Place    | Note
-------+----------+-------------------------------------------
     0 | D:1      | Freyura the Naga Sloth Apostle began the quest for the Orb.
     0 | D:1      | Reached XP level 1. HP: 19/19 MP: 2/2
   166 | D:1      | Reached XP level 2. HP: 26/26 MP: 3/3
   260 | D:1      | HP: 1/26 [dart slug (1)]
   260 | D:1      | Slain by a frilled lizard

Action                   || total
-------------------------++-------
Melee: Mace              ||    34
  Use: Scroll            ||     1
 Stab: Sleeping          ||     4
Armor: Leather armour    ||     5
Dodge: Dodged            ||     8
Block: Shield            ||    15
